 Dungeon Crawl Stone Soup version 0.27.1-34-g3ba077fa99 (webtiles) character file.

Game seed: 8365456934102198235

147 cbfl8 the Sneak (level 5, -1/46 HPs)
             Began as a Minotaur Delver on Jan 27, 2022.
             Shot with an arrow by a centaur (3 damage)
             ... on level 4 of the Dungeon.
             The game lasted 00:01:48 (901 turns).

cbfl8 the Sneak (Minotaur Delver)                    Turns: 901, Time: 00:01:49

Health: -1/46      AC: 10    Str: 17    XL:     5   Next: 8%
Magic:  4/4        EV:  5    Int:  7    God:
Gold:   33         SH:  0    Dex: 12    Spells: 4/4 levels left

rFire    . . .     SeeInvis .   a - +0 hand axe
rCold    . . .     Faith    .   (no shield)
rNeg     . . .     Spirit   .   i - +0 plate armour
rPois    .         Reflect  .   (helmet restricted)
rElec    .         Harm     .   (no cloak)
rCorr    .         Rampage  .   (no gloves)
Will     .....                  (no boots)
Stlth    ..........             (no amulet)
HPRegen  0.15/turn              (no ring)
MPRegen  0.09/turn              (no ring)

@: no status effects
A: horns 2, retaliatory headbutt
a: no special abilities


You were on level 4 of the Dungeon.
You visited 1 branch of the dungeon, and saw 2 of its levels.

You collected 33 gold pieces.

Inventory:

Hand Weapons
 a - a +0 hand axe (weapon)
Missiles
 j - 7 curare-tipped darts (quivered)
Armour
 b - a +0 leather armour
 i - a +0 plate armour (worn)
Wands
 g - a wand of digging (3)
Scrolls
 d - a scroll of magic mapping
Potions
 f - a potion of haste


   Skills:
 + Level 4.2 Fighting
 + Level 2.8 Axes
 + Level 1.0 Armour
 + Level 2.7 Dodging
 + Level 5.5 Stealth


You had 4 spell levels left.
You didn't know any spells.
Your spell library contained the following spells:

 Spells                   Type           Power      Damage    Failure   Level
 Gell's Gravitas          Tloc           0%         N/A       100%        3
 Lesser Beckoning         Tloc           0%         N/A       100%        3
 Teleport Other           Tloc           0%         N/A       100%        3


Dungeon Overview and Level Annotations

Branches:
Dungeon (5/15)
 Temple: D:4-7

Altars:


Innate Abilities, Weirdness & Mutations

You have a pair of horns on your head.
You reflexively headbutt those who attack you in melee.


Message History

You have reached level 5!
You hit the ball python.
You kill the ball python!
You feel sick.
The centaur shoots an arrow.
The arrow barely misses you.
The centaur shoots an arrow.
The arrow hits you but does no damage.
You hit the hobgoblin.
The hobgoblin is moderately wounded.
You feel sick. The hobgoblin hits you.
* * * LOW HITPOINT WARNING * * *
Your plate armour prevents you from hitting the hobgoblin.
The hobgoblin is moderately wounded.
You feel sick.
The hobgoblin hits you but does no damage.
It was a potion of curing.
You feel better. The hobgoblin barely misses you.
You hit the hobgoblin.
You kill the hobgoblin!
The centaur shoots an arrow.
The arrow hits you!
* * * LOW HITPOINT WARNING * * *
The centaur shoots an arrow.
The arrow hits you.
* * * LOW HITPOINT WARNING * * *
As you read the scroll of fear, it crumbles to dust.
You assume a fearsome visage.
The ball python looks frightened!
The centaur looks frightened!
The centaur almost stumbles in trying to escape.
You see here a +0 mace.
You start resting.
A centaur is nearby!
The centaur shouts!
The centaur shoots an arrow.
The arrow hits you but does no damage.
The centaur shoots an arrow.
The arrow hits you.
* * * LOW HITPOINT WARNING * * *
As you read the scroll of fog, it crumbles to dust.
The scroll dissolves into smoke.
You see here a +0 mace.
The centaur shoots an arrow.
The arrow closely misses you.
The centaur shoots an arrow.
The arrow barely misses you.
The centaur shoots an arrow.
The arrow hits you!
* * * LOW HITPOINT WARNING * * *
The centaur shoots an arrow.
The arrow hits you.
You die...

#.#^##.....+
)..............
#.#^.#.....#
.....#..#######
#.#^##.....# ....
#.># #.#^.#S....#
?.. ##§#
#'####.....#
#######§#
...........#
#§c§§§§§#
###........#
#§#######
#†#......# #.#
#.######## #@# #.#
#.# #.# #.# #.#
#.# ###.# #.#
#...# #.#
#.##############.#
#................#
################.#


You could see a centaur.

Vanquished Creatures
  A scorpion (D:4)
  2 iguanas
  A hound zombie (D:5)
  A hound skeleton (D:4)
  An adder (D:5)
  A hobgoblin (D:4)
  A ball python (D:4)
8 creatures vanquished.

Notes
Turn   | Place    | Note
-------+----------+-------------------------------------------
     0 | D:5      | cbfl8 the Minotaur Delver began the quest for the Orb.
     0 | D:5      | Reached XP level 1. HP: 19/19 MP: 0/0
    10 | D:5      | Noticed an ice beast
    30 | D:5      | Reached XP level 2. HP: 11/27 MP: 1/1
   228 | D:5      | Reached skill level 5 in Stealth
   228 | D:5      | Reached XP level 3. HP: 14/33 MP: 2/2
   533 | D:4      | Noticed a centaur
   553 | D:4      | Reached XP level 4. HP: 22/40 MP: 3/3
   792 | D:4      | Noticed a scorpion
   802 | D:4      | Killed a scorpion
   803 | D:4      | Reached skill level 1 in Armour
   803 | D:4      | Reached XP level 5. HP: 8/46 MP: 4/4
   807 | D:4      | HP: 1/46 [centaur/arrow (4)]
   900 | D:4      | HP: 2/46 [centaur/arrow (8)]
   901 | D:4      | Shot with an arrow by a centaur

Illustrated notes

Levels and vault maps discovered:
D:4:      layout_basic, chei_slow_surprise, minmay_overflow_temple_star_quad,
          minmay_temple_entry_ruins, serial_shops, shop, grunt_tough_drop
D:5:      layout_gridville, st_stairs_1, uniq_eustachio

Skill      XL: |  1  2  3  4 |
---------------+-------------+-----
Stealth        | 5 |  5.5
Fighting       | 4 |  4.2
Armour         | 1 |  1.0
Axes           | |  2.8
Dodging        | |  2.7

Action                   |  1- 3 |  4- 6 || total
-------------------------+-------+-------++-------
Melee: Hand axe          |    17 |    20 ||    37
       Headbutt          |     4 |     4 ||     8
  Use: Scroll            |       |     2 ||     2
       Potion            |       |     1 ||     1
Armor: Leather armour    |     3 |     2 ||     5
       Plate armour      |       |    12 ||    12
Dodge: Dodged            |    12 |    12 ||    24
